 Dungeon Crawl Stone Soup version 0.21.1-77-g46dbe93 (webtiles) character file.

22939 Stepladder the Nimble (level 13, -1/103 HPs)
             Began as a Merfolk Gladiator on Aug 23, 2018.
             Was a High Priest of Okawaru.
             Slain by an azure jelly (21 damage)
             ... on level 6 of the Lair of Beasts on Aug 27, 2018.
             The game lasted 01:37:28 (18749 turns).

Stepladder the Nimble (Merfolk Gladiator)          Turns: 18749, Time: 01:37:29

Health: -1/103     AC: 13    Str: 18    XL:     13   Next: 3%
Magic:  28/28      EV: 19    Int: 11    God:    Okawaru [*****.]
Gold:   795        SH:  3    Dex: 22    Spells: 16/20 levels left

rFire    x . .     SeeInvis .   u - +1 long sword (flame)
rCold    + . .     Gourm    .   (no shield)
rNeg     . . .     Faith    .   S - +0 scale mail
rPois    .         Spirit   .   c - +0 helmet
rElec    .         Reflect  +   J - +0 cloak
rCorr    .         Harm     .   y - +0 pair of gloves "Osoefe" {MP+9 Dex+6}
MR       .....                  i - +1 pair of boots {run}
Stlth    ++++......             n - +3 amulet of reflection
HPRegen  0.27/turn              N - ring of ice
MPRegen  0.21/turn              M - +3 ring of intelligence

@: about to teleport, quick
A: change form in water, swift swim, stealthy swim
a: Heroism, Finesse, Renounce Religion


You were on level 6 of the Lair of Beasts.
You worshipped Okawaru.
Okawaru was extremely pleased with you.
You were not hungry.

You visited 3 branches of the dungeon, and saw 17 of its levels.

You collected 983 gold pieces.
You spent 188 gold pieces at shops.

Inventory:

Hand Weapons
 u - a +1 long sword of flaming (weapon)
 z - the +7 Singing Sword
   (You found it on level 4 of the Dungeon)
 F - a +0 great sword
Missiles
 d - 4 throwing nets
 t - 72 poisoned needles (quivered)
 D - 8 curare-tipped needles
 U - 4 silver javelins
Armour
 c - a +0 helmet (worn)
 i - a +1 pair of boots of running (worn)
 y - the +0 pair of gloves "Osoefe" (worn) {MP+9 Dex+6}
   (Okawaru gifted it to you on level 5 of the Lair of Beasts)

   It affects your dexterity (+6).
   It affects your magic capacity (+9).
 J - a +0 cloak (worn)
 L - a +0 leather armour of fire resistance
 S - a +0 scale mail (worn)
Jewellery
 a - a +4 ring of strength
 n - a +3 amulet of reflection (around neck)
 M - a +3 ring of intelligence (right hand)
 N - a ring of ice (left hand)
 T - an uncursed ring of see invisible
Wands
 x - a wand of flame (55)
 E - a wand of iceblast (14)
 O - a wand of acid (8)
 R - a wand of digging (10)
Scrolls
 b - a scroll of brand weapon
 e - 3 scrolls of identify
 g - 2 scrolls of fog
 j - 3 scrolls of enchant weapon
 m - 7 scrolls of amnesia
 o - 5 scrolls of teleportation
 p - a scroll of magic mapping
 B - a scroll of fear {unknown}
 C - 5 scrolls of remove curse
 G - a scroll of summoning {unknown}
 I - a scroll of enchant armour {unknown}
 P - a scroll of blinking
Potions
 h - a potion of haste
 k - 3 potions of ambrosia
 l - a potion of berserk rage {unknown}
 q - a potion of cancellation {unknown}
 r - a potion of flight {unknown}
 s - 2 potions of mutation
 v - 2 potions of agility
 w - a potion of magic {unknown}
 K - a potion of heal wounds
 W - a potion of brilliance {unknown}
 Y - a potion of lignification {unknown}
 Z - a potion of curing
Books
 H - a book of Necromancy

   Spells                             Type                      Level
   a - Pain                           Necromancy                   1
   b - Animate Skeleton               Necromancy                   1
   c - Vampiric Draining              Necromancy                   3
   d - Regeneration                   Charms/Necromancy            3
   e - Animate Dead                   Necromancy                   4
   f - Borgnjor's Vile Clutch         Necromancy/Earth             5
 Q - a book of Minor Magic

   Spells                             Type                      Level
   a - Magic Dart                     Conjuration                  1
   b - Blink                          Translocation                2
   c - Call Imp                       Summoning                    2
   d - Slow                           Hexes                        2
   e - Conjure Flame                  Conjuration/Fire             3
   f - Mephitic Cloud                 Conjuration/Poison/Air       3
 X - a book of Flames

   Spells                             Type                      Level
   a - Flame Tongue                   Conjuration/Fire             1
   b - Throw Flame                    Conjuration/Fire             2
   c - Conjure Flame                  Conjuration/Fire             3
   d - Inner Flame                    Hexes/Fire                   3
   e - Sticky Flame                   Conjuration/Fire             4
   f - Fireball                       Conjuration/Fire             5
Comestibles
 f - 19 rations
 A - 4 chunks of flesh


   Skills:
 + Level 9.9 Fighting
 + Level 9.9 Long Blades
 - Level 2.0 Throwing
 + Level 5.1 Armour
 + Level 11.9 Dodging
 + Level 10.3 Stealth
 + Level 4.3 Spellcasting
 - Level 4.1 Charms
 + Level 5.0 Necromancy
 - Level 6.6 Invocations


You had 16 spell levels left.
You knew the following spells:

 Your Spells              Type           Power        Failure   Level  Hunger
a - Animate Skeleton      Necr           N/A          9%          1    #......
b - Regeneration          Chrm/Necr      ##........   30%         3    ###....


Dungeon Overview and Level Annotations

Branches:
Dungeon (10/15)            Temple (1/1) D:7            Lair (6/6) D:8
 Shoals (0/4) Lair:3       Spider (0/4) Lair:3        Slime (0/5) Lair:6
    Orc (0/2) D:10

Altars:
Ashenzari
Cheibriados
Dithmenos
Elyvilon
Fedhas
Gozag
Hepliaklqana
Kikubaaqudgha
Nemelex Xobeh
Okawaru
Qazlal
Ru
Sif Muna
Trog
Uskayaw
Vehumet
Wu Jian
Xom
Yredelemnul
Zin
The Shining One
Jiyva

Shops:
D:7 =

Annotations:
D:5 Menkaure
D:6 Sigmund
D:10 Erica, Nergalle


Message History

The azure jelly misses you. The azure jelly closely misses you.
The azure jelly hits you but does no damage.
The azure jelly misses you. x2; The azure jelly completely misses you.
The azure jelly hits you but does no damage.
The azure jelly jiggles.
The azure jelly misses you.
The azure jelly hits you but does no damage.
The azure jelly closely misses you. You block the azure jelly's attack.
The azure jelly jiggles.
The azure jelly hits you but does no damage.
The azure jelly hits you. The azure jelly freezes you!! You resist.
* * * LOW HITPOINT WARNING * * *
The azure jelly hits you but does no damage.
The azure jelly barely misses you.
As you read the scroll of teleportation, it crumbles to dust.
You feel strangely unstable. The azure jelly misses you.
The azure jelly hits you.
* * * LOW HITPOINT WARNING * * *
The azure jelly freezes you!! You resist.
You die...

.<.#.....##.....##...P#...#...#P.
........#......##P...##..........
....#....#......##..###....##....
.PP##...........##..##....#.#....
.PP###..###....P##..##.....##....
..########.....##..###.........##
......#P..#....#..#........P..P.#
...............J...........#P....
...............J@............<...
.................................
..............##....###..........
..#...P#.P.....###..#P##.........
.####..##......#......##..P......
.P##.+P##......#..........P##....
.......###............#...##P+...
..##...#P#......P....##...##.....
...#...#......##......#..........


You could see 2 azure jellies.

Vanquished Creatures
  Rupert (Lair:4)
  2 hydras
  3 two-headed ogres
  The ghost of raph the Carver, a novice MiAK of Lugonu (D:9)
  2 black mambas
  8 spiny frogs
  2 rime drakes
  5 komodo dragons
  A queen bee (Lair:2)
  10 blink frogs
  5 hippogriffs
  Grinder (D:5)
  2 redbacks (Lair:3)
  A wyvern (Lair:1)
  6 yaks
  7 water moccasins
  4 porcupines
  A sky beast (D:8)
  A black bear (Lair:3)
  3 orc warriors
  An ice beast (D:6)
  2 phantoms
  5 ogres
  6 wolves
  4 centaurs
  5 crocodiles
  5 big kobolds
  8 bullfrogs
  A wyvern zombie (D:10)
  2 scorpions
  32 killer bees
  4 wights (D:7)
  6 howler monkeys
  6 crimson imps
  A lava snake (Lair:3)
  A centaur zombie (D:8)
  A quasit (D:7)
  3 hounds
  2 jellies
  9 orc priests
  A bullfrog zombie (D:7)
  9 orc wizards
  A bullfrog skeleton (D:8)
  3 iguanas
  12 worker ants
  Natasha (thrice) (D:4)
  A killer bee zombie (D:8)
  A hound zombie (D:6)
  2 hound skeletons
  A howler monkey skeleton (D:9)
  9 adders
  An ooze (D:5)
  A worm (D:2)
  2 dart slugs
  9 leopard geckos
  47 orcs
  A giant cockroach (D:6)
  3 goblins
  5 hobgoblins
  7 jackals (D:9)
  28 kobolds
  6 quokkas
  7 bats
  A frilled lizard (D:2)
  A quokka zombie (D:9)
  5 rats
  3 fungi
  A plant (Lair:3)
341 creatures vanquished.

Vanquished Creatures (collateral kills)
  A hippogriff (Lair:6)
  A jelly (D:7)
2 creatures vanquished.

Vanquished Creatures (others)
  3 fungi
  2 plants
5 creatures vanquished.

Grand Total: 348 creatures vanquished

Notes
Turn   | Place    | Note
-------+----------+-------------------------------------------
     0 | D:1      | Stepladder the Merfolk Gladiator began the quest for the Orb.
     0 | D:1      | Reached XP level 1. HP: 16/16 MP: 1/1
   103 | D:1      | Reached XP level 2. HP: 15/23 MP: 2/2
   252 | D:1      | Reached skill level 1 in Stealth
   810 | D:2      | Reached XP level 3. HP: 28/28 MP: 3/3
   818 | D:2      | Found a faded altar of an unknown god.
  1001 | D:2      | Found a white marble altar of Elyvilon.
  1909 | D:3      | Found an opulent altar of Gozag.
  1951 | D:3      | Reached XP level 4. HP: 33/35 MP: 4/4
  2046 | D:3      | Found a hazy altar of Hepliaklqana.
  2141 | D:3      | Reached skill level 5 in Dodging
  2386 | D:3      | Found an iron altar of Okawaru.
  2394 | D:3      | Became a worshipper of Warmaster Okawaru
  2655 | D:4      | Reached XP level 5. HP: 29/41 MP: 5/5
  2880 | D:4      | Found the +7 Singing Sword
  2887 | D:4      | Reached skill level 1 in Armour
  2996 | D:4      | Noticed Natasha
  3006 | D:4      | Killed Natasha
  3025 | D:4      | Noticed Natasha
  3032 | D:4      | Killed Natasha
  3057 | D:4      | Noticed Natasha
  3066 | D:4      | Killed Natasha
  3066 | D:4      | Reached XP level 6. HP: 35/48 MP: 6/6
  3226 | D:4      | Reached * piety under Okawaru
  3377 | D:4      | Found a radiant altar of Vehumet.
  3456 | D:5      | Entered Level 5 of the Dungeon
  3652 | D:5      | Reached skill level 1 in Invocations
  3736 | D:5      | Noticed a phantom
  3753 | D:5      | Noticed Menkaure
  3845 | D:5      | Killed a phantom
  3845 | D:5      | Reached XP level 7. HP: 39/54 MP: 6/8
  3872 | D:5      | Noticed Grinder
  3882 | D:5      | Paralysed by Grinder for 5 turns
  3891 | D:5      | Killed Grinder
  3891 | D:5      | Reached skill level 6 in Dodging
  4342 | D:6      | Found a sacrificial altar of Ru.
  4391 | D:6      | Noticed Sigmund
  4659 | D:6      | Reached skill level 5 in Long Blades
  4659 | D:6      | Reached XP level 8. HP: 61/61 MP: 9/9
  4695 | D:6      | Reached skill level 5 in Fighting
  4908 | D:6      | Reached ** piety under Okawaru
  4908 | D:6      | Reached skill level 7 in Dodging
  5139 | D:7      | Reached skill level 5 in Stealth
  5189 | D:7      | Learned a level 1 spell: Animate Skeleton
  5336 | D:7      | Reached skill level 1 in Spellcasting
  5338 | D:7      | Reached XP level 9. HP: 62/68 MP: 9/11
  5351 | D:7      | Found Vupraad's Jewellery Boutique.
  5379 | D:7      | Reached skill level 1 in Necromancy
  5407 | D:7      | Noticed a two-headed ogre
  5424 | D:7      | Killed a two-headed ogre
  5424 | D:7      | Reached *** piety under Okawaru
  5424 | D:7      | Reached skill level 8 in Dodging
  5448 | D:7      | Found a shimmering altar of Xom.
  5450 | D:7      | Found a shattered altar of Ashenzari.
  5593 | D:7      | Found a staircase to the Ecumenical Temple.
  5602 | Temple   | Entered the Ecumenical Temple
  6540 | D:8      | Reached skill level 5 in Invocations
  6552 | D:8      | Reached XP level 10. HP: 58/77 MP: 11/13
  6574 | D:8      | Reached **** piety under Okawaru
  6585 | D:8      | Found a sparkling altar of Nemelex Xobeh.
  7224 | D:8      | Found a staircase to the Lair.
  7243 | D:8      | Learned a level 3 spell: Regeneration
  7253 | D:8      | Noticed a two-headed ogre
  7261 | D:8      | Killed a two-headed ogre
  7261 | D:8      | Reached skill level 9 in Dodging
  7288 | D:8      | Found a stormy altar of Qazlal.
  7293 | D:8      | HP: 2/79 [orc priest/divine providence (10)]
  8139 | Lair:1   | Entered Level 1 of the Lair of Beasts
  8139 | Lair:1   | Found a glowing silver altar of Zin.
  8193 | Lair:1   | Noticed a four-headed hydra
  8217 | Lair:1   | Noticed a black mamba
  8219 | Lair:1   | Reached ***** piety under Okawaru
  8237 | Lair:1   | Killed a black mamba
  8256 | Lair:1   | Reached XP level 11. HP: 32/86 MP: 15/15
  8257 | Lair:1   | HP: 4/86 [rime drake/flash freeze (28)]
  8263 | Lair:1   | HP: 4/86 [poisoned by a black mamba]
  9003 | D:9      | Reached skill level 10 in Dodging
  9020 | D:9      | Noticed raph's ghost (novice MiAK)
  9033 | D:9      | Killed raph's ghost
  9275 | D:9      | Noticed a two-headed ogre
  9281 | D:9      | Killed a two-headed ogre
  9460 | D:10     | Entered Level 10 of the Dungeon
  9460 | D:10     | Noticed Nergalle
  9801 | D:10     | Noticed Erica
  9931 | D:10     | Found a staircase to the Orcish Mines.
 10000 | D:9      | Received a gift from Okawaru
 10017 | D:9      | Identified a +1 pair of boots of running (Okawaru gifted it to you on level 9 of the Dungeon)
 10161 | D:7      | Bought a +3 amulet of reflection for 188 gold pieces
 12825 | Lair:2   | Found a hazy altar of Hepliaklqana.
 12826 | Lair:2   | Noticed an eight-headed hydra
 13094 | Lair:2   | Reached skill level 5 in Necromancy
 14252 | Lair:2   | Reached XP level 12. HP: 69/94 MP: 16/16
 14256 | Lair:2   | Reached skill level 1 in Charms
 14839 | Lair:3   | Noticed a seven-headed hydra
 14961 | Lair:3   | Reached skill level 11 in Dodging
 14968 | Lair:2   | HP: 2/95 [blink frog (7)]
 15523 | Lair:3   | Found a staircase to the Shoals.
 15860 | Lair:3   | Found a hole to the Spider Nest.
 15953 | Lair:3   | Received a gift from Okawaru
 16745 | Lair:4   | Noticed a four-headed hydra
 16761 | Lair:4   | Killed a one-headed hydra
 16810 | Lair:4   | Noticed Rupert
 16820 | Lair:4   | Killed Rupert
 16820 | Lair:4   | Received a gift from Okawaru
 16820 | Lair:4   | Reached skill level 10 in Stealth
 17976 | Lair:5   | Noticed a five-headed hydra
 18001 | Lair:5   | Killed a one-headed hydra
 18001 | Lair:5   | Received a gift from Okawaru
 18005 | Lair:5   | Got a pair of dazzling gloves {god gift}
 18016 | Lair:5   | Identified the +0 pair of gloves "Osoefe" {MP+9 Dex+6} (Okawaru gifted it to you on level 5 of the Lair of Beasts)
 18106 | Lair:5   | Reached skill level 5 in Armour
 18172 | Lair:6   | Entered Level 6 of the Lair of Beasts
 18419 | Lair:6   | Reached XP level 13. HP: 97/103 MP: 19/19
 18716 | Lair:6   | Found a runed door.
 18716 | Lair:6   | Found a viscous altar of Jiyva.
 18716 | Lair:6   | Found a staircase to the Slime Pits.
 18716 | Lair:6   | Noticed an azure jelly
 18716 | Lair:6   | Noticed an azure jelly
 18749 | Lair:6   | Slain by an azure jelly

Skill      XL: |  1  2  3  4  5  6  7  8  9 10 11 12 |
---------------+-------------------------------------+-----
Stealth        | 1 2 3 4 5 6 7 9 10 | 10.3
Fighting       | 3 4 5 6 7 8 9 |  9.9
Dodging        | 5 6 7 8 9 10 11 | 11.9
Armour         | 1 2 4 5 |  5.1
Long Blades    | 4 5 6 7 9 |  9.9
Invocations    | 1 2 3 5 6 |  6.6
Spellcasting   | 1 2 4 |  4.3
Necromancy     | 2 3 5 |  5.0
Charms         | 4 |  4.1
Throwing       | |  2.0

Action                   |  1- 3 |  4- 6 |  7- 9 | 10-12 | 13-15 || total
-------------------------+-------+-------+-------+-------+-------++-------
Melee: Long sword        |   137 |    50 |       |    69 |    14 ||   270
       Double sword      |       |    20 |   171 |   399 |       ||   590
       Punch             |       |       |     1 |     4 |       ||     5
       Hand axe          |       |       |       |    10 |       ||    10
 Cast: Animate Skeleton  |       |       |     3 |    14 |     1 ||    18
       Regeneration      |       |       |       |     3 |       ||     3
Invok: Heroism           |       |       |     7 |    24 |       ||    31
       Finesse           |       |       |       |     8 |       ||     8
  Use: Scroll            |     6 |     1 |     7 |    15 |     1 ||    30
       Potion            |       |     1 |     3 |     4 |       ||     8
 Stab: Sleeping          |     1 |     4 |     3 |     9 |     1 ||    18
       Distracted        |     1 |       |       |     3 |       ||     4
       Paralysed         |       |       |     1 |       |       ||     1
  Eat: Chunk             |     4 |     5 |     6 |    13 |     2 ||    30
       Ration            |       |       |     1 |     7 |       ||     8
Armor: Leather armour    |    15 |       |       |       |       ||    15
       Ring mail         |    36 |    16 |    56 |    34 |       ||   142
       Scale mail        |       |       |       |   165 |    11 ||   176
Dodge: Dodged            |   119 |    43 |   170 |   579 |    26 ||   937
Block: Other             |       |       |       |    39 |     3 ||    42
       Reflection        |       |       |       |     3 |       ||     3
       Rpst.: Long sword |    38 |    12 |       |    10 |     7 ||    67
       Double sword      |       |     2 |    38 |   127 |       ||   167
